 Dungeon Crawl Stone Soup version 0.28.0-49-g6dfe1f597d (console) character file.

Game seed: 10623615203257102582

51 Faeu the Skirmisher (level 3, 0/33 HPs)
             Began as a Minotaur Berserker on May 14, 2022.
             Was a Believer of Trog.
             Slain by a kobold
             ... wielding a +0 club
              (2 damage)
             ... on level 2 of the Dungeon.
             The game lasted 00:01:13 (928 turns).

Faeu the Skirmisher (Minotaur Berserker)             Turns: 928, Time: 00:01:13

Health: 0/33       AC:  2    Str: 23    XL:     3   Next: 58%
Magic:  2/2        EV:  9    Int:  4    God:    Trog [**....]
Gold:   43         SH:  0    Dex:  9    Spells: 2/2 levels left

rFire   . . .      SeeInvis .   a - +0 hand axe {axe}
rCold   . . .      Faith    .   (no shield)
rNeg    . . .      Spirit   .   b - +0 animal skin
rPois   .          Reflect  .   (helmet restricted)
rElec   .          Harm     .   (no cloak)
rCorr   .          Rampage  .   (no gloves)
Will    .....                   (no boots)
Stlth   +.........              e - amulet of the acrobat
HPRegen 0.11/turn               (no ring)
MPRegen 0.08/turn               (no ring)

@: on berserk cooldown, slowed, constricted, very slow
A: horns 2, retaliatory headbutt
a: Renounce Religion, Berserk, Trog's Hand


You were on level 2 of the Dungeon.
You worshipped Trog.
Trog was pleased with you.
You visited 1 branch of the dungeon, and saw 2 of its levels.

You collected 43 gold pieces.


Innate Abilities, Weirdness & Mutations

You have a pair of horns on your head.
You reflexively headbutt those who attack you in melee.


   Skills:
 + Level 4.2 Fighting
 + Level 4.1 Axes
 + Level 3.2 Armour
 + Level 2.9 Dodging


You had 2 spell levels left.
You didn't know any spells.
Your spell library contained the following spells:

 Spells                   Type           Power      Damage    Failure   Level
 Blink                    Tloc           0%         N/A       65%         2
 Lesser Beckoning         Tloc           0%         N/A       86%         3
 Manifold Assault         Tloc           0%         N/A       100%        5

Inventory:

Hand Weapons
 a - a +0 hand axe (weapon) {axe}
Armour
 b - a +0 animal skin (worn)
Jewellery
 e - an amulet of the acrobat (around neck)
   (You found it on level 1 of the Dungeon)
Scrolls
 d - a scroll of identify {unknown}
 f - 3 scrolls of enchant armour {unknown}
Potions
 g - a potion of resistance {unknown}

Dungeon Overview and Level Annotations

Branches:
Dungeon (2/15)

Altars:

..#. #... # K.. .# .
#.. ##..# . .#. .. .#.#
. .?.S### #.##...#####
.#
#...)###.#@........##
#.#
#).)#.KS#######...##..#
###)##.##########.<..#
#)##.##...>..###.#..#
#.)..#........#..# ..#
##..............## ..
#.#.†..........## #
#.##...............
..##..........####..
#####..........#
##...<....##


You could see a ball python and a kobold.


Message History

You kill the worm!
Trog accepts your kill.
A goblin comes into view. It is wielding a +0 dagger.
The goblin closely misses you.
You slash the goblin!
You kill the goblin!
Trog accepts your kill.
You barely miss the goblin. Your headbutt misses the goblin.
A goblin comes into view. It is wielding a +0 club.
You slash the goblin!
You kill the goblin!
Trog accepts your kill. 😨 HP[+1]
The goblin completely misses you. You furiously retaliate!
You headbutt the goblin!!
You kill the goblin!
Trog accepts your kill.
Things that are here:
a +0 dagger {short}; a +1 dagger of venom {short}; a goblin corpse You feel a strong urge to attack something.
A goblin comes into view. It is wielding a +0 dagger.
Things that are here:
a +0 dagger {short}; a goblin corpse You are no longer berserk.
You are exhausted.
You feel yourself slow down.
The goblin shouts!
You hear an angry hiss.
Things that are here:
a +0 dagger {short}; a +1 dagger of venom {short}; a goblin corpse 😨 HP[-6]
You now have 33 max hp (-16).
You barely miss the goblin. You headbutt the goblin.
The goblin no longer looks unusually strong.
The goblin hits you with a +0 club.
* * * LOW HITPOINT WARNING * * *
The goblin hits you with a +0 club.
* * * LOW HITPOINT WARNING * * *
😱 HP[-5]
You take 5 damage, and now have 8/33 hp.
You hit the goblin.
You kill the goblin!
Trog accepts your kill.
A ball python comes into view.
A goblin comes into view. It is wielding a +0 club.
The goblin shouts!
The goblin unwields a +0 club.
The goblin wields a +0 hunting sling.
The goblin shoots a stone.
The stone misses you. The goblin completely misses you.
You see here a +0 club {mace}.
The goblin shoots a stone.
The stone closely misses you.
Things that are here:
a +0 club {mace}; a +0 animal skin; a +0 helmet The goblin shoots a stone.
The stone completely misses you.
The stone closely misses the goblin.
The goblin shoots a stone.
The stone completely misses you.
The stone hits the goblin.
The goblin dies! 😨 HP[+1]
A kobold comes into view. It is wielding a +0 club.
The kobold shouts!
The ball python misses you. The ball python completely misses you.
There is a stone staircase leading down here.
The ball python barely misses you. x2; The ball python closely misses you.
The ball python grabs you.
You stop descending the stairs.
The ball python constricts you.
You hit the ball python. The ball python barely misses you.
The ball python constricts you. The ball python bites you.
* * * LOW HITPOINT WARNING * * *
The ball python constricts you.
* * * LOW HITPOINT WARNING * * *
The goblin unwields a +0 hunting sling.
The goblin wields a +0 club.
The goblin barely misses you. 😱 HP[-4]
You take 4 damage, and now have 5/33 hp.
It was a potion of curing.
You feel better. The ball python closely misses you.
The ball python constricts you. The goblin barely misses you.
The ball python bites you.
* * * LOW HITPOINT WARNING * * *
The ball python constricts you.
* * * LOW HITPOINT WARNING * * *
😨 HP[+5]
You regained 5 hp, and now have 10/33 hp.
You closely miss the ball python. You closely miss the goblin.
The ball python bites you.
* * * LOW HITPOINT WARNING * * *
The ball python constricts you. The goblin hits you but does no damage.
The ball python bites you.
* * * LOW HITPOINT WARNING * * *
The ball python constricts you. The goblin closely misses you.
You furiously retaliate!
You headbutt the goblin!
You kill the goblin!
Trog accepts your kill. 😱 HP[-5]
You take 5 damage, and now have 5/33 hp.
You hit the ball python. Your headbutt misses the ball python.
The ball python bites you but does no damage.
The ball python constricts you. The ball python bites you.
* * * LOW HITPOINT WARNING * * *
The ball python constricts you. The kobold hits you with a +0 club.
You die...

Skill      XL: |  1  2 |
---------------+-------+-----
Fighting       | 4 |  4.2
Axes           | 4 |  4.1
Armour         | 3 |  3.2
Dodging        | |  2.9

Action                   || total
-------------------------++-------
Melee: Hand axe          ||    56
       Headbutt          ||     3
       Punch             ||     1
Invok: Berserk           ||     1
  Use: Potion            ||     1
Armor: Animal skin       ||     7
Dodge: Dodged            ||    56

Levels and vault maps discovered:
D:1:      giann_forest_graveyard, layout_basic
D:2:      layout_rooms, uniq_robin

Notes
Turn   | Place    | Note
-------+----------+-------------------------------------------
     0 | D:1      | Faeu the Minotaur Berserker began the quest for the Orb.
     0 | D:1      | Reached XP level 1. HP: 19/19 MP: 0/0
     0 | D:1      | magus.rc [v1.9.6]
   263 | D:1      | Reached XP level 2. HP: 27/27 MP: 1/1
   296 | D:1      | You pick up a book of Spatial Translocations {forbidden}
                  | and begin reading...
   296 | D:1      | You add the spells Blink, Lesser Beckoning and Manifold
                  | Assault to your library.
   801 | D:2      | Reached skill level 4 in Fighting
   801 | D:2      | Reached skill level 4 in Axes
   801 | D:2      | Reached skill level 3 in Armour
   891 | D:2      | Reached XP level 3. HP: 25/33 MP: 2/2
   891 | D:2      | Noticed Robin
   895 | D:2      | Reached ** piety under Trog
   904 | D:2      | Killed Robin
   915 | D:2      | HP: 8/33 [goblin/+0 club[Robin] (4)]
   925 | D:2      | HP: 6/33 [ball python (3)]
   928 | D:2      | HP: 2/33 [ball python (3)]
   928 | D:2      | Slain by a kobold

Vanquished Creatures
  Robin (D:2)
  An adder (D:2)
  A worm (D:2)
  A ball python (D:1)
  An endoplasm (D:1)
  10 goblins
  3 hobgoblins (D:1)
  2 quokkas (D:1)
  2 bats (D:1)
  3 frilled lizards
  3 rats
28 creatures vanquished.

Vanquished Creatures (others)
  A goblin (D:2)
1 creature vanquished.

Grand Total: 29 creatures vanquished

Table legend:
 A = Non-vault XP
 B = Vault XP
 C = Vault XP percentage of total XP
 D = Non-vault monster count
 E = Vault monster count
 F = Vault count percentage of total count
                 A         B        C        D         E       F
            +---------+---------+-------+---------+---------+-------
      Total |      43 |      31 |  41.9 |      18 |      10 |  35.7
            +---------+---------+-------+---------+---------+-------
        D:1 |      22 |       0 |   0.0 |      13 |       0 |   0.0
        D:2 |      21 |      31 |  59.6 |       5 |      10 |  66.7
            +---------+---------+-------+---------+---------+-------

Illustrated notes

Table legend:
 A = Kills in this place as a percentage of kills in entire the game.
 B = Kills by you in this place as a percentage of kills by you in the entire game.
 C = Kills by friends in this place as a percentage of kills by friends in the entire game.
 D = Other kills in this place as a percentage of other kills in the entire game.
 E = Experience gained in this place as a percentage of experience gained in the entire game.
 F = Experience gained in this place divided by the number of levels of this place that you have seen.
                   A       B       C       D       E      F
               +-------+-------+-------+-------+-------+----------------------
         Total | 100.0 | 100.0 |   N/A |   N/A | 100.0 |  37.0
       Dungeon | 100.0 | 100.0 |   N/A |   N/A | 100.0 |  37.0
               +-------+-------+-------+-------+-------+----------------------

Table legend: (Time is in decaauts)
 A = Elapsed time spent in this place.
 B = Non-inter-level travel time spent in this place.
 C = Inter-level travel time spent in this place.
 D = Time resting spent in this place.
 E = Time spent auto-exploring this place.
 F = Levels seen in this place.
 G = Mean time per level.
                   A        B        C        D        E       F      G
               +--------+--------+--------+--------+--------+-----+--------+
         Total |    935 |    926 |      9 |      0 |    788 |   2 |  467.5 |
       Dungeon |    935 |    926 |      9 |      0 |    788 |   2 |  467.5 |
               +--------+--------+--------+--------+--------+-----+--------+

Top non-repeatable levels by time:
     D:1: 771 daAuts
     D:2: 164 daAuts
